Map: 2000 Atmospheres LE

Players

MaxPax

  • Race: Protoss Protoss

SKillous - Winner!

  • Race: Protoss Protoss

Event: DreamHack SC2 Masters 2021 Fall

VOD

Have the link to the VOD?

Description

Time

  • Played on: Aug. 13, 2021, 10:17 a.m.
  • Length: 24:20

All games in this series

Show
View Real Time Build Order
Export as new Build Order

MaxPax Protoss 

Build Orders: Oracle Opening, Blink Stalkers, Zealot Archon 

Get SALT Encoding   

  12  0:00  Probe  
  13  0:12  Probe  
  14  0:19  Pylon  
  14  0:24  Probe  
  15  0:37  Probe (Chrono Boost)  
  15  0:40  Gateway  
  16  0:47  Assimilator, Probe (Chrono Boost)  
  17  0:52  Probe (Chrono Boost)  
  18  1:04  Probe (Chrono Boost)  
  19  1:10  Assimilator  
  19  1:11  Pylon  
  19  1:16  Probe (Chrono Boost)  
  20  1:23  Probe (Chrono Boost)  
  21  1:27  Cybernetics Core  
  21  1:30  Probe  
  24  1:42  Zealot, Probe  
  25  1:54  Probe  
  26  2:06  Stargate, Probe  
  26  2:07  Adept (Chrono Boost)  
  27  2:12  Pylon  
  27  2:15  Warp Gate  
  29  2:18  Probe  
  29  2:21  Pylon  
  30  2:29  Stalker  
  30  2:33  Probe  
  33  2:45  Probe  
  34  2:52  Oracle (Chrono Boost)  
  37  3:04  Probe  
  38  3:16  Nexus, Probe  
  39  3:22  Pylon  
  37  3:27  Twilight Council  
  37  3:29  Probe  
  38  3:35  Shield Battery  
  38  3:42  Probe  
  38  3:45  Gateway  
  39  3:54  Probe  
  40  3:59  Blink (Chrono Boost)  
  40  4:03  Stalker  
  40  4:06  Probe  
  43  4:18  Gateway, Probe  
  44  4:28  Forge  
  44  4:30  Probe x2  
  46  4:42  Probe  
  46  4:44  Sentry, Stalker  
  51  4:45  Probe  
  52  4:54  Probe  
  52  4:57  Protoss Ground Weapons Level 1 (Chrono Boost)  
  53  5:01  Nexus, Probe  
  53  5:06  Phoenix  
  55  5:11  Stalker  
  55  5:13  Probe  
  57  5:14  Probe  
  57  5:16  Stalker  
  57  5:20  Pylon  
  60  5:22  Assimilator  
  60  5:26  Probe  
  61  5:30  Pylon, Probe  
  62  5:39  Stalker x2  
  62  5:41  Stalker  
  69  5:42  Probe  
  69  5:44  Probe  
  70  5:54  Gateway  
  70  5:55  Probe  
  70  5:57  Probe  
  72  6:02  Stalker  
  74  6:04  Photon Cannon  
  74  6:07  Probe  
  74  6:09  Probe  
  76  6:13  Probe  
  76  6:15  Charge (Chrono Boost)  
  76  6:16  Assimilator  
  77  6:19  Probe  
  77  6:20  Gateway  
  77  6:21  Probe  
  77  6:24  Shield Battery  
  77  6:25  Probe  
  80  6:31  Probe  
  81  6:33  Stalker x2, Probe  
  81  6:36  Phoenix  
  81  6:37  Probe  
  87  6:41  Gateway  
  87  6:43  Probe  
  87  6:45  Probe  
  87  6:46  Templar Archives  
  89  6:49  Probe  
  89  6:50  Pylon, Sentry  
  89  6:51  Protoss Ground Weapons Level 2 (Chrono Boost)  
  92  6:55  Probe  
  92  7:00  Assimilator x2  
  93  7:08  Probe x3  
  96  7:10  Robotics Facility  
  96  7:11  Pylon  
  96  7:16  Photon Cannon  
  96  7:17  Zealot  
  96  7:18  Zealot  
  96  7:22  Gateway  
  100  7:31  Gateway  
  100  7:33  Pylon  
  100  7:34  High Templar x2  
  100  7:35  Zealot  
  106  7:38  Archon  
  106  7:44  Zealot  
  106  7:46  Pylon  
  108  7:51  Pylon  
  108  7:52  Photon Cannon  
  108  7:53  Zealot x2  
  108  7:55  Phoenix  
  112  7:58  Zealot  
  112  8:00  Observer (Chrono Boost)  
  112  8:05  Pylon  
  115  8:08  Gateway  
  115  8:13  High Templar x4  
  115  8:17  Archon  
  115  8:18  Archon  
  115  8:19  Nexus, Warp Prism (Chrono Boost)  
  122  8:20  Pylon  
  122  8:25  Probe x2  
  126  8:27  Zealot x4  
  134  8:44  Gateway  
  134  8:47  Pylon  
  134  8:51  High Templar x4  
  134  8:52  Zealot x3  
  148  8:55  Photon Cannon  
  148  8:56  Archon  
  148  8:57  Pylon  
  148  8:59  Archon  
  148  9:06  Immortal  
  152  9:18  High Templar x2, Zealot  
  152  9:19  Zealot x2  
  152  9:22  Archon  
  162  9:24  Pylon  
  162  9:32  Zealot x4  
  162  9:34  Protoss Ground Weapons Level 3 (Chrono Boost)  
  162  9:35  Probe x2  
  173  9:44  Pylon  
  172  9:47  Zealot x4  
  172  9:50  Assimilator  
  172  9:51  Shield Battery  
  180  9:56  Assimilator  
  178  10:05  Robotics Facility  
  178  10:07  Robotics Bay  
  178  10:08  Zealot x3  
  178  10:10  High Templar, Robotics Facility  
  178  10:11  High Templar  
  188  10:15  Archon  
  184  10:23  Zealot x5  
  173  10:41  Zealot x3  
  163  10:49  Dark Shrine  
  163  10:52  Pylon  
  163  10:56  Disruptor (Chrono Boost)  
  163  10:57  Disruptor (Chrono Boost)  
  163  11:04  Pylon  
  172  11:09  Disruptor (Chrono Boost)  
  172  11:11  Shield Battery  
  172  11:16  Nexus  
  172  11:18  Pylon  
  170  11:22  Disruptor x2 (Chrono Boost)  
  176  11:32  Stalker x4  
  168  11:33  Stalker x5  
  168  11:35  Disruptor (Chrono Boost)  
  168  11:39  Photon Cannon  
  187  12:00  Disruptor, Observer  
  164  12:17  Dark Templar  
  164  12:18  Dark Templar x4  
  167  12:32  Dark Templar x3  
  167  12:34  Probe x2  
  167  12:35  Probe  
  160  12:39  Shadow Stride (Chrono Boost)  
  160  12:43  Stalker x3  
  160  12:44  Stalker x2  
  170  12:49  Probe x3  
  170  12:50  Probe  
  174  12:52  Photon Cannon  
  174  12:53  Disruptor  
  174  12:55  Pylon, Disruptor, Observer  
  174  12:57  Assimilator  
  174  12:58  Gravitic Boosters (Chrono Boost)  
  181  13:02  Probe x2  
  183  13:05  Photon Cannon  
  183  13:07  Photon Cannon, Zealot x5  
  191  13:20  Dark Templar x3  
  197  13:28  Observer  
  156  13:56  Zealot x7  
  156  13:57  Zealot x3  
  156  14:01  Observer  
  177  14:14  Photon Cannon  
  137  14:36  Disruptor (Chrono Boost), Stalker x10  
  137  14:38  Disruptor (Chrono Boost)  
  158  14:46  Disruptor (Chrono Boost)  
  158  15:03  Nexus  
  158  15:04  Pylon  
  158  15:06  Dark Templar x7  
  158  15:24  Zealot x2  
  158  15:25  Observer  
  137  15:40  Dark Templar x2  
  137  15:41  Dark Templar x2  
  99  16:00  Stalker x5  
  99  16:01  Stalker  
  111  16:16  Probe  
  111  16:17  Probe x3  
  115  16:19  Photon Cannon  
  115  16:28  Dark Templar x2  
  119  16:49  Zealot x3  
  119  16:50  Zealot x4  
  132  16:59  Photon Cannon  
  132  17:02  Pylon  
  129  17:17  Stalker x8  
  145  17:23  Assimilator  
  145  17:24  Assimilator  
  145  17:37  Shield Battery  
  143  17:57  Stalker x8  
  139  18:01  Observer  
  139  18:05  Dark Templar  
  141  18:10  Observer  
  128  18:14  Zealot  
  115  18:21  Zealot x4  
  115  18:22  Observer  
  115  18:25  Zealot x3  
  118  18:40  Stalker x3  
  120  18:45  Photon Cannon  
  120  18:46  Observer (Chrono Boost)  
  121  18:52  Zealot x3  
  121  19:01  Stalker x3  
  119  19:13  Photon Cannon  
  119  19:23  Observer  
  119  19:24  Zealot x2  
  118  19:25  Nexus  
  114  19:37  Zealot x4  
  104  19:47  Dark Templar x2  
  96  20:05  Probe x2  
  96  20:06  Pylon, Probe  
  99  20:12  Dark Templar x3  
  102  20:26  Probe  
  87  20:30  Probe x3  
  82  20:37  Photon Cannon  
  82  20:38  Probe  
  83  20:57  Stalker x4  
  83  21:04  Shield Battery  
  91  21:06  Pylon  
  91  21:22  Stalker x4  
  97  21:36  Disruptor (Chrono Boost)  
  100  21:44  Dark Templar x2, Zealot x3  
  109  21:48  Dark Templar  
  107  22:00  Photon Cannon  
  104  22:11  Disruptor (Chrono Boost)  
  104  22:14  Dark Templar  
  104  22:15  Pylon, Dark Templar  
  111  22:28  Zealot x4  
  117  22:43  Disruptor  
  117  22:47  Zealot x3  
  117  22:48  Zealot x2  
  108  23:03  Zealot x3  
  100  23:11  Dark Templar x2  
  88  23:26  Stalker x3  
  47  23:40  Stalker x3  
  35  23:49  Zealot  
  35  23:55  Stalker  
  39  24:11  Stalker  
Show
View Real Time Build Order
Export as new Build Order

SKillous Protoss - Winner!

Build Orders: Blink Stalkers, Zealot Archon 

Get SALT Encoding   

  12  0:00  Probe  
  13  0:12  Probe  
  14  0:18  Pylon  
  14  0:24  Probe (Chrono Boost)  
  15  0:36  Probe (Chrono Boost)  
  15  0:37  Gateway  
  16  0:45  Probe (Chrono Boost)  
  16  0:46  Assimilator  
  17  0:51  Probe  
  17  0:55  Assimilator  
  18  1:03  Probe (Chrono Boost)  
  19  1:09  Gateway  
  19  1:13  Probe (Chrono Boost)  
  19  1:18  Probe (Chrono Boost)  
  21  1:26  Cybernetics Core  
  21  1:29  Probe  
  22  1:35  Pylon  
  22  1:41  Probe  
  23  1:56  Pylon  
  24  2:03  Stalker  
  24  2:05  Stalker  
  24  2:06  Warp Gate  
  27  2:09  Probe  
  28  2:24  Cybernetics Core  
  28  2:32  Twilight Council  
  28  2:38  Probe  
  29  3:00  Nexus  
  29  3:01  Probe  
  29  3:13  Probe  
  29  3:15  Pylon  
  29  3:17  Blink (Chrono Boost)  
  29  3:25  Probe  
  30  3:34  Shield Battery  
  30  3:37  Probe  
  31  3:50  Probe  
  31  3:56  Stalker x2  
  31  4:02  Robotics Facility, Probe (Chrono Boost)  
  36  4:12  Probe (Chrono Boost)  
  36  4:15  Probe (Chrono Boost)  
  38  4:19  Sentry  
  38  4:21  Sentry  
  38  4:22  Probe (Chrono Boost)  
  44  4:24  Probe (Chrono Boost)  
  44  4:28  Probe (Chrono Boost)  
  44  4:29  Probe (Chrono Boost)  
  46  4:38  Probe  
  46  4:40  Probe  
  46  4:44  Stalker x2  
  52  4:47  Pylon  
  52  4:49  Observer  
  52  4:50  Probe  
  54  5:05  Nexus, Probe  
  55  5:07  Probe  
  55  5:10  Pylon  
  57  5:17  Stalker, Probe (Chrono Boost)  
  57  5:20  Stalker  
  61  5:24  Probe (Chrono Boost)  
  62  5:30  Probe (Chrono Boost)  
  62  5:32  Forge  
  62  5:34  Probe (Chrono Boost)  
  64  5:36  Probe (Chrono Boost)  
  64  5:39  Shield Battery  
  64  5:42  Probe  
  65  5:43  Pylon  
  65  5:46  Probe  
  65  5:49  Assimilator, Stalker  
  69  5:55  Gateway  
  69  5:57  Gateway  
  69  5:59  Probe  
  69  6:02  Observer  
  69  6:04  Protoss Ground Weapons Level 1 (Chrono Boost), Stalker  
  71  6:11  Probe x2 (Chrono Boost)  
  75  6:19  Probe (Chrono Boost)  
  75  6:24  Gateway  
  75  6:25  Gateway  
  77  6:27  Probe (Chrono Boost)  
  77  6:28  Probe (Chrono Boost)  
  78  6:35  Probe x2  
  80  6:40  Probe  
  80  6:42  Assimilator, Gateway x2  
  81  6:47  Probe  
  81  6:48  Photon Cannon x2  
  81  6:49  Probe  
  81  6:53  Charge  
  84  6:54  Probe  
  84  6:59  Probe  
  84  7:01  Pylon, Probe  
  86  7:06  Probe  
  87  7:14  Nexus  
  87  7:15  Pylon, Templar Archives  
  87  7:17  Observer  
  87  7:20  Pylon  
  87  7:29  Gateway x2  
  87  7:31  Probe x2  
  87  7:32  Probe  
  87  7:35  Pylon, Warp Prism  
  92  7:46  Shield Battery  
  93  7:52  High Templar x4  
  93  7:53  Protoss Ground Weapons Level 2 (Chrono Boost), Zealot x4  
  93  7:56  Archon x2  
  93  7:57  Gateway  
  108  7:59  Gateway  
  108  8:01  Probe x2  
  108  8:04  Probe  
  111  8:09  Photon Cannon  
  111  8:11  Pylon  
  111  8:16  Zealot x3  
  117  8:20  Probe  
  117  8:24  Robotics Bay  
  117  8:25  Robotics Facility  
  118  8:28  Assimilator, Probe  
  118  8:32  Photon Cannon  
  119  8:36  Probe  
  119  8:39  Photon Cannon  
  119  8:40  Photon Cannon  
  120  8:41  Shield Battery  
  120  8:42  Probe  
  120  8:45  Shield Battery  
  120  8:48  Observer  
  121  8:56  Pylon x2  
  121  9:07  High Templar x2, Zealot x6  
  121  9:08  Zealot x3  
  143  9:10  Disruptor x2 (Chrono Boost)  
  143  9:12  Archon  
  148  9:17  Pylon  
  148  9:20  Assimilator  
  148  9:21  Assimilator  
  148  9:35  Shield Battery  
  148  9:37  Photon Cannon  
  148  9:38  Pylon, Disruptor  
  148  9:39  Disruptor, Photon Cannon  
  152  9:53  Probe x3  
  152  9:54  Probe  
  154  10:01  Stalker x4  
  154  10:02  Stalker x4  
  154  10:04  Pylon  
  154  10:06  Pylon  
  170  10:14  Disruptor  
  170  10:20  Disruptor  
  160  10:36  Zealot x4  
  160  10:37  Zealot x8  
  160  10:40  Protoss Ground Weapons Level 3 (Chrono Boost)  
  173  10:50  Disruptor  
  173  10:55  Assimilator, Disruptor  
  179  11:00  Zealot x9  
  190  11:17  Dark Shrine  
  182  11:25  Disruptor  
  182  11:31  Stalker x8  
  195  11:54  Disruptor  
  195  11:58  Pylon  
  192  12:06  Disruptor  
  183  12:10  Nexus  
  183  12:14  Zealot  
  183  12:15  Zealot x5  
  193  12:26  Zealot x6  
  192  12:42  Pylon, Shadow Stride (Chrono Boost)  
  192  12:48  Photon Cannon  
  192  12:51  Pylon  
  192  12:53  Observer, Photon Cannon  
  192  12:54  Observer  
  188  13:00  Photon Cannon  
  188  13:02  Photon Cannon x2  
  188  13:05  Photon Cannon  
  188  13:06  Photon Cannon  
  188  13:08  Photon Cannon  
  188  13:09  Photon Cannon  
  188  13:10  Shield Battery  
  188  13:11  Shield Battery  
  188  13:13  Shield Battery  
  188  13:15  Pylon, Observer, Shield Battery  
  188  13:16  Gravitic Boosters (Chrono Boost)  
  188  13:18  Assimilator, Observer  
  186  13:20  Assimilator  
  175  13:36  Observer, Zealot x12  
  175  13:40  Observer  
  184  13:59  Observer  
  184  14:01  Observer  
  186  14:09  Zealot  
  186  14:10  Assimilator, Zealot x7  
  198  14:23  Disruptor (Chrono Boost)  
  154  14:24  Disruptor (Chrono Boost)  
  125  14:33  Protoss Shields Level 1 (Chrono Boost)  
  125  14:37  Stalker x3  
  125  14:38  Stalker x9  
  122  14:45  Observer  
  118  14:56  Disruptor (Chrono Boost)  
  118  14:57  Disruptor (Chrono Boost)  
  124  15:04  Dark Templar x7  
  118  15:24  Zealot x3  
  118  15:25  Observer  
  118  15:26  Observer  
  115  15:49  Zealot x7  
  113  16:11  Observer (Chrono Boost)  
  109  16:18  Observer (Chrono Boost)  
  109  16:22  Dark Templar x9  
  127  16:28  Observer (Chrono Boost)  
  128  16:33  Stalker x2  
  128  16:35  Probe x2  
  130  16:56  Stalker x8  
  145  17:24  Dark Templar x4  
  145  17:27  Nexus  
  151  17:35  Zealot x4  
  159  17:40  Observer  
  142  17:59  Stalker x6  
  142  18:11  Observer  
  90  18:29  Stalker x2  
  90  18:30  Stalker x8  
  104  18:39  Observer  
  95  18:55  Stalker x8  
  98  19:13  Stalker x3  
  102  19:20  Observer  
  102  19:21  Stalker x3  
  94  19:35  Zealot x5  
  90  19:48  Stalker x4  
  87  19:55  Observer  
  87  19:57  Zealot x3  
  88  20:00  Dark Templar  
  88  20:05  Dark Templar  
  92  20:09  Stalker  
  92  20:12  Stalker  
  96  20:15  Observer  
  96  20:21  Zealot x3  
  102  20:24  Observer  
  102  20:35  Stalker  
  96  20:40  Stalker  
  96  20:41  Zealot x5  
  108  20:51  Pylon, Dark Templar  
  110  20:59  Dark Templar  
  110  21:02  Zealot x3  
  118  21:09  Zealot x3  
  120  21:20  Dark Templar x2  
  120  21:22  Zealot x3  
  122  21:36  Dark Templar x2, Zealot  
  128  21:44  Observer  
  128  21:51  Stalker x2  
  126  21:59  Dark Templar  
  128  22:11  Observer  
  128  22:13  Zealot x6  
  128  22:15  Protoss Ground Armor Level 1 (Chrono Boost), Observer  
  142  22:25  Shield Battery, Observer  
  142  22:26  Shield Battery  
  142  22:34  Stalker x2  
  142  22:35  Stalker  
  143  22:45  Observer  
  135  22:51  Zealot  
  135  22:52  Zealot x4  
  135  22:57  Zealot x2  
  119  23:07  Zealot x3  
  119  23:09  Zealot  
  119  23:12  Observer, Zealot  
  123  23:18  Observer  
  120  23:27  Zealot x3  
  120  23:30  Observer  
  120  23:33  Observer  
  113  23:48  Zealot x6  
  117  23:57  Photon Cannon  
  110  24:12  Zealot  

Tags
 
Add a new tag
Caveats
  • Supply blocks, unpowered buildings, or Contaminate may cause inaccurate times.
  • Supply counts are checked every 10 seconds.